 Dungeon Crawl Stone Soup version bcrawl-1.36.4 (webtiles) character file.

Game seed: 6505204892064551301

154845 Turtleman12345 the Gusty (level 6, -1/38 HPs)
             Began as a Fairy Air Elementalist on Aug 17, 2022.
             Slain by a slave (4 damage)
             ... led by Pikel
             ... on level 4 of the Dungeon.
             The game lasted 00:05:42 (3377 turns).

Turtleman12345 the Gusty (Fairy Air Elementalist)   Turns: 3377, Time: 00:05:42

Health: -1/38      AC: 10    Str:  9    XL:     6   Next: 29%
Magic:  2/13       EV: 19    Int: 21    God:
Gold:   204        SH:  5    Dex: 20    Spells: 2/12 levels left

rFire    . . .     SeeInvis .   k - +0 long sword
rCold    . . .     Gourm    .   (shield restricted)
rNeg     . . .     Faith    .   (armour unavailable)
rPois    .         Spirit   .   (no helmet)
rElec    .         Reflect  .   f - +0 cloak
rCorr    .                      w - +1 pair of gloves {Str+3}
MR       .....                  (no boots)
Stlth    +.........             (no amulet)
HPRegen  0.12/turn              o - +2 ring of protection
MPRegen  0.13/turn              v - +8 ring of dexterity

@: flying evasively, very slightly contaminated
A: small, magic attunement, unstealthy, unfitting armour, able to fly, AC/SH +5
a: Stop Flying


You were on level 4 of the Dungeon.
You were not hungry.

You visited 1 branch of the dungeon, and saw 5 of its levels.

You collected 369 gold pieces.
You spent 165 gold pieces at shops.

Inventory:

Hand Weapons
 k - a +0 long sword (weapon)
Armour
 f - a +0 cloak (worn)
 w - a +1 pair of gloves of strength (worn)
Jewellery
 c - a +3 ring of dexterity
 o - a +2 ring of protection (left hand)
 v - a +8 ring of dexterity (right hand)
Wands
 p - a wand of iceblast (4)
Scrolls
 a - a scroll of fear
 b - 2 scrolls of immolation
 d - a scroll of enchant weapon {unknown}
 g - 4 scrolls of remove curse
 h - 2 scrolls of teleportation {unknown}
 m - a scroll of amnesia {unknown}
 n - a scroll of blinking {unknown}
 q - 2 scrolls of magic mapping {unknown}
Potions
 j - a potion of haste
 l - a potion of magic {unknown}
 r - a potion of curing {unknown}
 s - a potion of agility {unknown}
 t - a potion of resistance {unknown}
 u - 2 potions of mutation {unknown}
Comestibles
 e - 5 rations {!d}


   Skills:
 + Level 1.1 Fighting
 * Level 4.3 Dodging
 + Level 2.2 Stealth
 + Level 3.6 Spellcasting
 * Level 3.4 Conjurations
 + Level 1.1 Charms
 * Level 5.0 Air Magic
 + Level 0.3 Evocations


You had 2 spell levels left.
You knew the following spells:

 Your Spells              Type           Power        Failure   Level  Hunger
a - Shock                 Conj/Air       ###..        2%          1    None
b - Static Discharge      Air            ####....     4%          3    None
c - Swiftness             Chrm/Air       ###.....     5%          2    None
d - Airstrike             Air            ####......   16%         4    None

Your spell library contained the following spells:

 Spells                   Type           Power        Failure   Level  Hunger
 Lightning Bolt           Conj/Air       ###.......   52%         5    None


Dungeon Overview and Level Annotations

Branches:
Dungeon (5/12)
 Temple: D:4-7

Altars:
Trog

Shops:
D:4 [

Annotations:
D:4 Prince Ribbit
D:5 Pikel


Innate Abilities, Weirdness & Mutations

Your spells do not cause hunger and MP costs are reduced by 1.
Your bright wings attract enemies. (Stealth-)
You cannot fit into any form of body armour.
Your shimmering scales are hard and can block incoming attacks. (AC +5, SH +5)
You are small and have problems with some larger weapons.
You can fly continuously.


Message History

You kill the crimson imp!
You are struck by an arc of lightning.
The lightning grounds out.
Prince Ribbit hits you! The slave misses you. Prince Ribbit barely misses you.
Casting: Static Discharge (safe; 4% risk of failure)
Confirm with . or Enter, or press ? or * to list all spells.
The slave is struck by an arc of lightning!
The slave is almost dead.
You are struck by an arc of lightning.
* * * LOW HITPOINT WARNING * * *
Prince Ribbit is struck by an arc of lightning.
Prince Ribbit is severely wounded.
The lightning grounds out.
Prince Ribbit is struck by an arc of lightning.
Prince Ribbit is severely wounded.
You are struck by an arc of lightning.
* * * LOW HITPOINT WARNING * * *
The lightning grounds out.
Prince Ribbit hits you!
* * * LOW HITPOINT WARNING * * *
The slave hits you.
You die...

#.##).#.#..... #.##..........
#.#####....#.. #.#####(......
######## #.............
#......#################.#.....
#.####.#.>...........# ##..##..
#.####.#..####F.####.# ###.#..
#.##.......###@.####.# ##...
#.##.#.#.....p....##.# #...
#......#....#...#.##.# #...
######.###.............## #..!
...###.#................# #...
.......#......#.#.......######...
...#####......#.#.####..#........
#.## #........#.####..)........
#.# #......###.##....#........


You could see Prince Ribbit and a slave.

Vanquished Creatures
  A crimson imp (D:4)
  An orc wizard (D:3)
  A worker ant (D:4)
  A howler monkey skeleton (D:3)
  10 adders
  3 oozes
  4 worms
  3 dart slugs
  5 leopard geckos
  An orc (D:2)
  3 giant cockroaches
  6 goblins
  3 hobgoblins
  10 jackals
  10 kobolds
  2 quokkas
  A ball python (D:1)
  2 bats (D:3)
  3 frilled lizards
  2 rats (D:1)
72 creatures vanquished.

Notes
Turn   | Place    | Note
-------+----------+-------------------------------------------
     0 | D:1      | Turtleman12345 the Fairy Air Elementalist began the quest
                  | for the Orb.
     0 | D:1      | Reached XP level 1. HP: 11/11 MP: 6/6
   124 | D:1      | Reached XP level 2. HP: 17/17 MP: 7/7
   251 | D:1      | Reached skill level 4 in Air Magic
   481 | D:1      | Reached XP level 3. HP: 21/21 MP: 9/9
   485 | D:1      | Learned a level 3 spell: Static Discharge
  1409 | D:2      | Found a bloodstained altar of Trog.
  1536 | D:3      | Reached XP level 4. HP: 20/27 MP: 1/10
  1583 | D:2      | Learned a level 2 spell: Swiftness
  1843 | D:3      | Reached XP level 5. HP: 32/32 MP: 7/12
  1849 | D:3      | Learned a level 4 spell: Airstrike
  2118 | D:3      | Reached skill level 1 in Fighting
  2820 | D:4      | Reached skill level 1 in Charms
  2820 | D:4      | Reached XP level 6. HP: 38/38 MP: 1/13
  2867 | D:4      | Found Dawkaila's Armour Boutique.
  2876 | D:4      | Bought a +1 pair of gloves of strength for 165 gold pieces
  3368 | D:5      | Entered Level 5 of the Dungeon
  3368 | D:5      | Noticed Prince Ribbit
  3368 | D:5      | Noticed a slave
  3368 | D:5      | Noticed a slave
  3368 | D:5      | Noticed a slave
  3369 | D:5      | Noticed a slave
  3369 | D:5      | Noticed Pikel
  3374 | D:5      | Reached skill level 5 in Air Magic
  3377 | D:4      | Slain by a slave

Skill      XL: |  1  2  3  4  5  6 |
---------------+-------------------+-----
Air Magic      | 4 5 |  5.0
Spellcasting   | 3 |  3.6
Conjurations   | 2 3 |  3.4
Dodging        | 3 4 |  4.3
Stealth        | 2 |  2.2
Fighting       | 1 |  1.1
Charms         | 1 |  1.1
Evocations     | |  0.3

Action                   |  1- 3 |  4- 6 || total
-------------------------+-------+-------++-------
Melee: Long sword        |     5 |    14 ||    19
 Cast: Shock             |    72 |     2 ||    74
       Static Discharge  |    15 |    40 ||    55
       Airstrike         |       |    12 ||    12
  Use: Scroll            |     3 |     2 ||     5
 Stab: Sleeping          |       |     1 ||     1
  Eat: Chunk             |     1 |     9 ||    10
Armor: Skin              |     7 |     8 ||    15
Dodge: Dodged            |    38 |    56 ||    94
Block: Other             |     5 |    15 ||    20
